 Dungeon Crawl Stone Soup version 0.21.1-1-g345015fe64 (webtiles) character file.

178 McKennaii the Magician (level 5, -4/42 HPs)
             Began as a Deep Elf Ice Elementalist on June 11, 2018.
             Slain by an orc priest
             ... wielding a +0 flail
              (6 damage)
             ... on level 3 of the Dungeon.
             The game lasted 00:06:02 (4181 turns).

McKennaii the Magician (Deep Elf Ice Elementalist)  Turns: 4181, Time: 00:06:04

Health: -4/42      AC:  2    Str: 10    XL:     5   Next: 32%
Magic:  14/14      EV: 13    Int: 21    God:
Gold:   195        SH:  0    Dex: 15    Spells: 4/14 levels left

rFire    . . .     SeeInvis .   d - +0 dagger
rCold    . . .     Gourm    .   (no shield)
rNeg     . . .     Faith    .   a - +0 robe
rPois    .         Spirit   .   (no helmet)
rElec    .         Reflect  .   (no cloak)
rCorr    .         Harm     .   (no gloves)
MR       .....                  (no boots)
Stlth    ..........             (no amulet)
HPRegen  0.14/turn              (no ring)
MPRegen  0.14/turn              (no ring)

@: berserking, very quick
A: no striking features
a: no special abilities


You were on level 3 of the Dungeon.
You were hungry.

You visited 1 branch of the dungeon, and saw 4 of its levels.

You collected 195 gold pieces.

Inventory:

Hand Weapons
 d - a +0 dagger (weapon)
Armour
 a - a +0 robe (worn)
Scrolls
 e - 2 scrolls of teleportation {unknown}
 g - 2 scrolls of enchant armour {unknown}
 h - 3 scrolls of identify {unknown}
 i - 2 scrolls of random uselessness {unknown}
 k - a scroll of magic mapping {unknown}
 m - a scroll of fear {unknown}
 q - 2 scrolls of remove curse {unknown}
Potions
 f - a potion of agility {unknown}
 j - a potion of berserk rage
 l - 3 potions of curing {unknown}
 o - a potion of degeneration {unknown}
 p - a potion of brilliance {unknown}
Books
 b - a book of Frost

   Spells                             Type                      Level
   a - Freeze                         Ice                          1
   b - Throw Frost                    Conjuration/Ice              2
   c - Ozocubu's Armour               Charms/Ice                   3
   d - Throw Icicle                   Conjuration/Ice              4
   e - Summon Ice Beast               Ice/Summoning                4
 n - a book of Misfortune

   Spells                             Type                      Level
   a - Confusing Touch                Hexes                        1
   b - Confuse                        Hexes                        3
   c - Gell's Gravitas                Translocation                3
   d - Petrify                        Transmutation/Earth          4
   e - Metabolic Englaciation         Hexes/Ice                    5
   f - Yara's Violent Unravelling     Hexes/Transmutation          5
 r - a book of Cantrips

   Spells                             Type                      Level
   a - Confusing Touch                Hexes                        1
   b - Animate Skeleton               Necromancy                   1
   c - Summon Small Mammal            Summoning                    1
   d - Apportation                    Translocation                1
Comestibles
 c - 7 rations


   Skills:
 + Level 2.5 Dodging
 * Level 3.3 Stealth
 * Level 5.3 Spellcasting
 + Level 1.3 Conjurations
 * Level 5.0 Ice Magic


You had 4 spell levels left.
You knew the following spells:

 Your Spells              Type           Power        Failure   Level  Hunger
a - Freeze                Ice            ####         1%          1    None
b - Throw Frost           Conj/Ice       ###...       4%          2    None
c - Ozocubu's Armour      Chrm/Ice       ###.....     11%         3    ##.....
d - Summon Ice Beast      Ice/Summ       ###.....     36%         4    ####...


Dungeon Overview and Level Annotations

Branches:
Dungeon (4/15)
 Temple: D:4-7

Altars:
Xom


Message History

Okay, then.
It was a potion of berserk rage.
A red film seems to cover your vision as you go berserk!
You feel yourself moving faster!
You feel mighty! The orc closely misses you. The orc priest closely misses you.
The orc priest completely misses you. x2
You puncture the orc priest!
The orc priest is severely wounded.
The orc barely misses you. The orc priest closely misses you.
You closely miss the orc priest.
The orc priest is severely wounded.
The orc priest barely misses you.
The orc priest invokes the aid of Beogh against you.
Beogh smites you!
* * * LOW HITPOINT WARNING * * *
The orc misses you.
You hit the orc priest.
The orc priest is almost dead.
The orc priest calls upon Beogh to heal the orc priest.
The orc priest is healed somewhat.
The orc priest hits you with a flail.
You die...

............................# #.#
......<...................#.###.#
....................#######.....#
.............................####
..........####.)....########.#
..........# #......# #.#
...(......####......# #.#
.............+..oo..# #.#
##.#####.#####.o@...# #.# ...#
#.# #..o...# #.# #### #.#
####...# #.# #.########...######
#.# #.................# #.# ####
#.######.....####.# #.# ...# ###
#.....# #.# #.# ...######
####.....####.###.# ...'....#
#.................#


You could see 3 orc priests and an orc.

Vanquished Creatures
  3 gnolls (D:3)
  7 adders
  An ooze (D:2)
  2 worms (D:2)
  3 dart slugs
  2 leopard geckos (D:4)
  2 ball pythons (D:1)
  4 giant cockroaches
  6 goblins
  7 hobgoblins
  11 jackals
  A quokka (D:2)
  6 bats
  3 frilled lizards
  5 kobolds
  5 rats
68 creatures vanquished.

Notes
Turn   | Place    | Note
-------+----------+-------------------------------------------
     0 | D:1      | McKennaii the Deep Elf Ice Elementalist began the quest for the Orb.
     0 | D:1      | Reached XP level 1. HP: 10/10 MP: 6/6
   279 | D:1      | Reached XP level 2. HP: 11/15 MP: 8/8
   902 | D:1      | Reached XP level 3. HP: 14/19 MP: 5/10
  1497 | D:2      | Learned a level 2 spell: Throw Frost
  1506 | D:2      | Reached XP level 4. HP: 8/24 MP: 0/12
  3002 | D:3      | Learned a level 3 spell: Ozocubu's Armour
  3007 | D:3      | Learned a level 4 spell: Summon Ice Beast
  3228 | D:3      | Found a shimmering altar of Xom.
  3492 | D:3      | Reached skill level 5 in Spellcasting
  3602 | D:3      | Reached XP level 5. HP: 28/28 MP: 7/14
  3980 | D:4      | Reached skill level 5 in Ice Magic
  4180 | D:3      | HP: 2/42 [orc priest/divine providence (14)]
  4181 | D:3      | Slain by an orc priest

Skill      XL: |  1  2  3  4  5 |
---------------+----------------+-----
Ice Magic      | 4 5 |  5.0
Stealth        | 3 |  3.3
Spellcasting   | 4 5 |  5.3
Dodging        | |  2.5
Conjurations   | |  1.3

Action                   |  1- 3 |  4- 6 || total
-------------------------+-------+-------++-------
Melee: Unarmed           |     3 |       ||     3
       Dagger            |    16 |    25 ||    41
 Cast: Freeze            |    50 |    35 ||    85
       Throw Frost       |     2 |    23 ||    25
  Use: Potion            |       |     1 ||     1
 Stab: Sleeping          |       |     1 ||     1
  Eat: Chunk             |     1 |     5 ||     6
       Ration            |       |     1 ||     1
Armor: Robe              |    14 |     6 ||    20
Dodge: Dodged            |    40 |    53 ||    93
